 Dungeon Crawl Stone Soup version 0.18-a0-1789-gbeff17f (webtiles) character file.

17 M4edhros the Grave Robber (level 2, -4/17 HPs)
             Began as an Octopode Necromancer on Apr 21, 2016.
             Slain by an adder (5 damage)
             ... on level 2 of the Dungeon.
             The game lasted 00:03:00 (423 turns).

M4edhros the Grave Robber (Octopode Necromancer)     Turns: 423, Time: 00:03:00

Health: -4/17      AC:  1    Str:  4 (7)  XL:     2   Next: 62%
Magic:  0/5        EV: 12    Int: 15 (17) God:
Gold:   52         SH:  0    Dex: 11 (12) Spells: 1 memorised, 4 levels left

rFire  . . .     SeeInvis .       - Unarmed
rCold  . . .     Gourm    .     (no shield)
rNeg   . . .     Faith    .     (helmet restricted)
rPois  .         Spirit   .     (no amulet)
rElec  .         Dismiss  .     (no ring)
rCorr  .         Reflect  .     (no ring)
SustAt .         Harm     .     (no ring)
MR     .....                    (no ring)
Stlth  +++.......               (no ring)
                                (no ring)
                                (no ring)
                                (no ring)

@: very slightly contaminated, not resistant to hostile enchantments, fairly
stealthy
A: almost no armour, amphibious, 8 rings, constrict 8, camouflage 1, gelatinous
body 1
a: no special abilities


You were on level 2 of the Dungeon.
You were not hungry.

You visited 1 branch of the dungeon, and saw 3 of its levels.

You collected 52 gold pieces.

Inventory:

Hand Weapons
 i - a +1 hunting sling
Missiles
 c - 70 stones (quivered)
 d - 24 sling bullets
 e - 8 javelins
Books
 a - a book of Necromancy

   Spells                             Type                      Level
   a - Pain                           Necromancy                   1
   b - Animate Skeleton               Necromancy                   1
   c - Vampiric Draining              Necromancy                   3
   d - Regeneration                   Charms/Necromancy            3
   e - Animate Dead                   Necromancy                   4
   f - Control Undead                 Necromancy                   4
Comestibles
 b - a bread ration
 g - a beef jerky
 h - 2 chunks of flesh
 j - a meat ration


   Skills:
 - Level 2.0 Dodging
 - Level 2.6 Stealth
 + Level 2.2 Unarmed Combat
 - Level 2.0 Spellcasting
 - Level 4.0 Necromancy


You had 4 spell levels left.
You knew the following spells:

 Your Spells              Type           Power        Failure   Level  Hunger
a - Pain                  Necr           ##..         4%          1    #......


Dungeon Overview and Level Annotations

Branches:
Dungeon (3/15)

Altars:
The Shining One

Annotations:
D:3 Ijustatesigmund's ghost, amateur TrHu


Innate Abilities, Weirdness & Mutations

You cannot wear most types of armour.
You are amphibious.
You can wear up to eight rings at the same time.
You can use your tentacles to constrict eight enemies at once.
Your skin changes colour to match your surroundings (Stealth).
Your rubbery body absorbs attacks (AC +1).


Message History

Aim: an adder (chance to defeat MR: 77%)
The adder convulses in agony!
The adder barely misses you. The adder closely misses you.
Some of the chunks of flesh in your inventory have rotted away.
Casting: Pain
Confirm with . or Enter, or press ? or * to list all spells.
Aiming: Pain
Press: ? - help, Shift-Dir - straight line, f/p - adder
Aim: an adder (moderately wounded, chance to defeat MR: 77%)
The adder convulses in agony!
The adder bites you but does no damage.
You aren't carrying any potions.
Read which item? (? for menu, Esc to quit)
Okay, then.
You barely miss the adder. Your grab misses the adder.
The adder is heavily wounded.
The adder closely misses you.
You closely miss the adder. You grab the adder.
The adder is heavily wounded.
The adder bites you.
You die...

#.....#+#..##
#####.#
#..........#
#.....#
#....>###..#
#.#####
#.....#....# #.#
#.....#.##.# #.#
#######....#
#.####
#..######....#
#...รท.^#####.###
#@####.#####...#
#S# #.....###.#
#'# #####.# #.#
... #.# #.# #....
#.# #.# #.....
#.# #.# #....).
#.# #.# #......S
#.###.# #.......#
#.....#


You could see an adder.

Vanquished Creatures
  A worm (D:2)
  2 giant cockroaches (D:2)
  2 goblins (D:2)
  2 hobgoblins
  3 bats
  A giant newt (D:2)
  A kobold (D:2)
  2 rats
14 creatures vanquished.

Notes
Turn   | Place    | Note
--------------------------------------------------------------
     0 | D:1      | M4edhros the Octopode Necromancer began the quest for the Orb.
     0 | D:1      | Reached XP level 1. HP: 11/11 MP: 3/3
   156 | D:2      | Found a glowing golden altar of the Shining One.
   167 | D:2      | Reached skill level 1 in Unarmed Combat
   191 | D:2      | Reached XP level 2. HP: 11/17 MP: 1/5
   325 | D:3      | Noticed Ijustatesigmund's ghost (amateur TrHu)
   423 | D:2      | Slain by an adder

Vault maps used:
D:1:      dpeg_arrival_snail, columned_hall_lemuel, roderic_serpentine_path,
          kennysheep_another_room
D:2:      lemuel_crystal_altar
D:3:      lemuel_coloured_pillars_altar, gup_sewer_entry_spiral,
          minmay_rats_cheesy_pizza

Skill      XL: |  1  2 |
---------------+-------+-----
Unarmed Combat | 1 2 |  2.2
Dodging        | |  2.0
Stealth        | |  2.6
Spellcasting   | |  2.0
Necromancy     | |  4.0

Action                   || total
-------------------------++-------
Melee: Unarmed           ||    13
       Constrict         ||     3
       Tentacles         ||     2
 Fire: Hunting sling     ||     6
 Cast: Pain              ||    21
  Use: Scroll            ||     2
       Potion            ||     1
 Stab: Sleeping          ||     2
Armor: Skin              ||     2
Dodge: Dodged            ||     9
